 Dungeon Crawl Stone Soup version 0.16-a0-2898-gc475c69 (webtiles) character file.

210502 Ololoev the Prestidigitator (level 18, -6/141 HPs)
             Began as a Mummy Chaos Knight on Nov 29, 2014.
             Was a Plaything of Xom.
             Mangled by Agnes
             ... wielding a +2 lajatang of electrocution
              (13 damage)
             ... on level 2 of the Elven Halls on Dec 1, 2014.
             The game lasted 04:21:25 (53158 turns).

Ololoev the Prestidigitator (Mummy Chaos Knight)   Turns: 53158, Time: 04:21:26

Health: -6/141     AC: 34    Str: 19    XL:     18   Next: 18%
Magic:  0/33       EV: 12    Int: 14    God:    Xom [*.....]
Gold:   3012       SH:  0    Dex: 19    Spells: 0 memorised, 17 levels left

rFire  . . .     SeeInvis .     a - +6 lajatang (speed)
rCold  + . .     Clarity  .     v - +5 plate armour {rF+}
rNeg   + + +     SustAb   .     (no shield)
rPois  ∞         Gourm    .     G - +2 helmet {Int+3}
rElec  .         Spirit   +     K - +2 cloak
rCorr  .         Warding  .     r - +2 pair of gloves
rMut   .         Stasis   .     C - +2 pair of boots
MR     +++..                    m - amulet of guardian spirit
Stlth  ..........               n - ring of protection from magic
                                q - +6 ring of dexterity

@: confused, extremely resistant to hostile enchantments, extremely unstealthy
A: no food or potions, fire vulnerability, in touch with death, restore body,
cold resistance 1, negative energy resistance 3, poison resistance, torment
resistance, unbreathing
a: Self-Restoration, Renounce Religion
}: 1/15 runes: serpentine


You were on level 2 of the Elven Halls.
You worshipped Xom.
You were a special plaything of Xom.
You were not hungry.

You visited 5 branches of the dungeon, and saw 30 of its levels.
You also visited: Labyrinth and Volcano.

You collected 4032 gold pieces.
You spent 1020 gold pieces at shops.

Notes
Turn   | Place    | Note
--------------------------------------------------------------
     0 | D:1      | Ololoev, the Mummy Chaos Knight, began the quest for the Orb.
     0 | D:1      | Reached XP level 1. HP: 18/18 MP: 1/1
   299 | D:1      | Reached XP level 2. HP: 21/24 MP: 2/2
   402 | D:1      | XOM: harmless Hex miscast
  1164 | D:1      | Reached XP level 3. HP: 26/29 MP: 3/3
  1418 | D:2      | XOM: cast spell 'Summon Butterflies'
  1664 | D:2      | XOM: silly message
  1699 | D:2      | XOM: harmless Chrm miscast
  1856 | D:2      | XOM: mild Trmt miscast
  2071 | D:2      | Found a white marble altar of Elyvilon.
  2175 | D:2      | Reached XP level 4. HP: 32/35 MP: 4/4
  3249 | D:3      | XOM: smoke on damage
  3354 | D:3      | Reached XP level 5. HP: 21/41 MP: 5/5
  3367 | D:2      | XOM: silly message
  3401 | D:2      | XOM: silly message
  3554 | D:3      | XOM: god gift: 32 gold pieces
  3606 | D:3      | Found a basalt altar of Yredelemnul.
  3918 | D:4      | XOM: vitrification
  4022 | D:4      | XOM: confusion (+ monsters)
  4023 | D:4      | XOM: 2-stop teleportation journey
  4031 | D:4      | XOM: smoke on damage
  4046 | D:4      | Reached skill level 1 in Staves
  4906 | D:4      | Reached XP level 6. HP: 47/47 MP: 6/6
  4909 | D:4      | Reached skill level 1 in Evocations
  5220 | D:4      | XOM: noise
  5227 | D:4      | XOM: noise
  5253 | D:5      | Entered Level 5 of the Dungeon
  5272 | D:5      | XOM: vitrification
  5404 | D:5      | XOM: fog
  5661 | D:5      | Found a staircase to the Ecumenical Temple.
  5938 | D:5      | XOM: mild Divn miscast
  5985 | D:5      | XOM: god gift: scroll of enchant weapon
  6197 | D:5      | Reached XP level 7. HP: 49/52 MP: 9/9
  6199 | D:5      | XOM: divination: magic mapping
  6225 | D:5      | XOM: enchant monster (good)
  6385 | D:5      | XOM is BORED!
  6385 | D:5      | XOM: mild Tloc miscast
  6505 | D:5      | XOM: mild Hex miscast
  6636 | D:5      | XOM: enchant monster (good)
  6981 | D:6      | Found Nuh Klar's Assorted Antiques.
  6986 | D:6      | Reached skill level 4 in Staves
  7189 | D:6      | XOM: colour smoke trail
  7197 | D:6      | Bought a glowing fluorescent wand for 68 gold pieces
  7197 | D:6      | Bought a scroll labeled NOSUSY SHROCENN for 17 gold pieces
  7482 | D:6      | Reached XP level 8. HP: 58/58 MP: 11/13
  7638 | D:6      | XOM: 2-stop teleportation journey
  7888 | D:6      | Found Ghyown's Book Shop.
  7890 | D:6      | Reached skill level 5 in Staves
  7890 | D:6      | Reached skill level 5 in Evocations
  7907 | D:6      | Found a stormy altar of Qazlal.
  7991 | D:6      | XOM: medium Divn miscast
  8041 | D:6      | XOM: noise
  8170 | D:6      | Found a shimmering altar of Xom.
  8392 | D:6      | XOM: summons 5 hostile shadow creatures
  8409 | D:6      | XOM: summons 4 hostile demons
  8442 | D:6      | XOM: divination: detect creatures
  9085 | D:6      | XOM: silly message
  9333 | D:7      | Reached skill level 6 in Evocations
  9491 | D:7      | Found a sparkling altar of Nemelex Xobeh.
  9636 | D:7      | XOM: noise
  9673 | D:7      | XOM: silly message
  9680 | D:6      | XOM: smoke on damage
  9682 | D:6      | XOM: cast spell 'Dispersal'
  9695 | D:6      | Reached XP level 9. HP: 43/63 MP: 18/18
  9877 | D:6      | XOM: medium Ice miscast
  9980 | D:7      | XOM: cast spell 'Olgreb's Toxic Radiance'
  9986 | D:7      | XOM: divination: detect creatures
 10380 | D:7      | Noticed Crazy Yiuf
 10430 | D:7      | Killed Crazy Yiuf
 10718 | D:7      | XOM: mild Fire miscast
 10805 | D:7      | Noticed Sigmund
 10921 | D:7      | Killed Sigmund
 10921 | D:7      | Reached skill level 7 in Evocations
 10976 | D:7      | Found a glowing golden altar of the Shining One.
 11148 | D:7      | XOM: noise
 11419 | D:7      | XOM: 1-stop teleportation journey
 11623 | D:7      | Got a warped hammer
 11683 | D:7      | Reached skill level 1 in Dodging
 11824 | D:7      | XOM: 1-stop teleportation journey
 11904 | D:7      | XOM: god gift: bread ration
 12018 | D:7      | XOM: vitrification
 12299 | D:8      | Noticed Erolcha
 12302 | D:8      | Killed Erolcha
 12302 | D:8      | Reached skill level 8 in Evocations
 12554 | D:8      | Got a colourful robe
 12943 | D:8      | XOM: smoke on damage
 12946 | D:7      | XOM: enchant monster (good)
 13021 | D:7      | XOM: mild Tloc miscast
 13098 | D:8      | Reached XP level 10. HP: 70/70 MP: 21/21
 13121 | D:8      | XOM: colour smoke trail
 13242 | D:8      | XOM is BORED!
 13242 | D:8      | XOM: noise
 13427 | D:8      | Noticed Psyche
 13429 | D:8      | XOM: cast spell 'Monstrous Menagerie'
 13432 | D:8      | Killed Psyche
 13602 | D:8      | XOM: harmless Divn miscast
 13929 | D:8      | XOM: harmless Tloc miscast
 13931 | D:8      | XOM: noise
 13953 | D:8      | XOM: medium Necr miscast
 14022 | D:7      | XOM: silly message
 14377 | D:9      | Reached skill level 9 in Evocations
 14419 | D:9      | XOM: mild Trmt miscast
 14544 | D:9      | XOM: mild Conj miscast
 14614 | D:9      | Found a staircase to the Orcish Mines.
 14660 | D:9      | XOM: destruction
 14788 | D:8      | Upgraded the game from 0.16-a0-2839-gd16e107 to 0.16-a0-2898-gc475c69
 14851 | D:9      | XOM: confuse monster(s)
 14874 | D:9      | XOM: destruction
 15068 | D:9      | Found an iron altar of Okawaru.
 15068 | D:9      | XOM: 4-stop teleportation journey
 15154 | D:9      | XOM: vitrification
 15191 | D:9      | XOM: cast spell 'Summon Swarm'
 15307 | D:9      | Reached skill level 5 in Dodging
 15589 | D:9      | XOM: god gift: 7 curare-tipped needles
 15830 | D:9      | XOM: mild Tloc miscast
 15981 | D:9      | XOM: 7-stop teleportation journey
 16047 | D:9      | XOM: cast spell 'Summon Swarm'
 16083 | D:9      | XOM: destruction
 16084 | D:9      | XOM: divination: magic mapping
 16276 | D:9      | Reached skill level 10 in Evocations
 16423 | D:9      | Identified the +0 robe "Histy" {rF+} (You found it on level 8 of the Dungeon)
 16515 | D:9      | Noticed Eustachio
 16518 | D:9      | Killed Eustachio
 16668 | D:9      | XOM: 2-stop teleportation journey
 16693 | D:9      | XOM: summons 4 friendly demons
 16697 | D:9      | XOM: cast spell 'Monstrous Menagerie'
 16833 | D:9      | XOM: silly message
 16885 | D:9      | Identified the +6 hammer of Gravity {venom, Dex+3} (You found it on level 7 of the Dungeon)
 16965 | D:10     | Entered Level 10 of the Dungeon
 17192 | D:10     | XOM: divination: detect items
 17301 | D:10     | XOM: divination: magic mapping
 17311 | D:10     | Reached XP level 11. HP: 75/75 MP: 24/24
 17388 | D:9      | XOM: mild Divn miscast
 17561 | D:10     | XOM: 6-stop teleportation journey
 17613 | D:10     | XOM: 1-stop teleportation journey
 17657 | D:10     | XOM: confuse monster(s)
 17716 | D:9      | XOM: mild Ice miscast
 17945 | D:10     | Found a staircase to the Lair.
 17945 | D:10     | XOM: harmless Divn miscast
 18028 | D:10     | Got a scorched marble ring
 18057 | D:10     | Identified the ring of Bresha {+Fly Int+1 Dex+2} (You found it on level 10 of the Dungeon)
 18162 | D:10     | XOM: god gift: 25 gold pieces
 18551 | D:11     | XOM: confuse monster(s)
 18615 | D:10     | XOM: harmless Tloc miscast
 18814 | D:10     | XOM: medium Divn miscast
 19258 | D:10     | XOM: god gift: dented copper amulet {god gift}
 19489 | D:11     | XOM: vitrification
 19520 | D:10     | XOM: mild Necr miscast
 19759 | D:10     | XOM: god gift: lumpy silvery potion
 20043 | D:10     | XOM: god gift: wand of disintegration {god gift}
 20056 | D:10     | XOM is BORED!
 20056 | D:10     | XOM: medium Erth miscast
 20058 | Lair:1   | Entered Level 1 of the Lair of Beasts
 20096 | Lair:1   | XOM: colour smoke trail
 20140 | Lair:1   | XOM: confusion
 20158 | Lair:1   | XOM: confuse monster(s)
 20162 | Lair:1   | XOM: confusion
 20166 | Lair:1   | XOM: divination: detect items
 20231 | D:10     | XOM: noise
 20580 | Lair:1   | XOM: summons 7 friendly demons
 20689 | D:10     | XOM: medium Necr miscast
 20811 | D:10     | Noticed a hill giant
 21345 | Lair:1   | XOM: god gift: plate armour {god gift}
 21521 | Lair:1   | XOM: divination: detect items
 21841 | Lair:1   | XOM: god gift: glowing longbow {god gift}
 21876 | Lair:1   | XOM: harmless Ice miscast
 21931 | Lair:1   | XOM: scenery: create altars
 22464 | Lair:1   | XOM: harmless Hex miscast
 22499 | Lair:1   | XOM: harmless Divn miscast
 22583 | Lair:1   | XOM is BORED!
 22583 | Lair:1   | XOM: medium Divn miscast
 22799 | Lair:1   | XOM: vitrification
 22813 | Lair:2   | Noticed a four-headed hydra
 22819 | Lair:1   | XOM: confuse monster(s)
 22894 | Lair:2   | Found a labyrinth entrance.
 22902 | Lab      | Entered a labyrinth
 23021 | Lab      | XOM: god gift: runed lajatang {god gift}
 23139 | Lab      | XOM: stat loss: -1 Str (17/18)
 23328 | Lab      | Noticed a minotaur
 23332 | Lab      | XOM: fog
 23335 | Lab      | Killed a minotaur
 23335 | Lab      | Reached skill level 5 in Fighting
 23341 | Lab      | Got a spiked ring mail
 23348 | Lair:2   | Killed a four-headed hydra
 23348 | Lair:2   | Reached skill level 5 in Armour
 23348 | Lair:2   | Reached XP level 12. HP: 69/86 MP: 25/25
 23398 | Lair:1   | Identified the +6 ring mail of the Volcano {rN+} (You found it in a labyrinth)
 23483 | Lair:1   | Identified a +4 rod of shadows (14/14) (You found it in a labyrinth)
 23484 | Lair:1   | Identified a cursed +6 rod of ignition (11/11) (You found it in a labyrinth)
 23798 | Lair:2   | XOM: summons 2 friendly demons
 24120 | Lair:2   | XOM: vitrification
 24151 | Lair:2   | XOM: vitrification
 24243 | Lair:2   | XOM: vitrification
 24537 | Lair:2   | XOM: harmless Fire miscast
 24634 | Lair:3   | XOM: harmless Tloc miscast
 24722 | Lair:3   | XOM: mild Trmt miscast
 24959 | Lair:3   | Found a staircase to the Snake Pit.
 24999 | Lair:3   | Reached skill level 10 in Staves
 25477 | Lair:3   | XOM: enchant monster (bad)
 25638 | Lair:3   | Noticed Maud
 25646 | Lair:3   | XOM: cast spell 'Cause Fear'
 25663 | Lair:3   | Killed Maud
 25975 | Lair:3   | Reached XP level 13. HP: 65/97 MP: 27/27
 26630 | Lair:4   | XOM: colour smoke trail
 26638 | Lair:4   | XOM: potion effect (haste)
 26656 | Lair:4   | XOM: 7-stop teleportation journey
 26658 | Lair:4   | XOM: polymorph sheep -> giant mite
 26667 | Lair:4   | XOM: scenery: create altars
 27015 | Lair:4   | XOM: divination: magic mapping
 27069 | Lair:4   | XOM: silly message
 27157 | Lair:4   | XOM: enchant monster (good)
 27161 | Lair:4   | XOM: enchant monster (bad)
 27229 | Lair:4   | XOM: colour smoke trail
 27305 | Lair:4   | XOM: stat loss: -1 Str (18/19)
 27404 | Lair:4   | XOM: mild Fire miscast
 27595 | Lair:5   | Noticed Thrillho's ghost (powerful OpBe)
 27605 | Lair:5   | Killed Thrillho's ghost
 27607 | Lair:5   | Reached skill level 11 in Staves
 27784 | Lair:5   | XOM is BORED!
 27784 | Lair:5   | XOM: 1-stop teleportation journey
 27790 | Lair:5   | XOM: 2-stop teleportation journey
 27791 | Lair:5   | Noticed runewalsh's ghost (powerful OpTm)
 27811 | Lair:6   | XOM: chaos cloud
 27826 | Lair:6   | XOM: blink monster(s)
 27901 | Lair:7   | XOM: swap monsters
 27941 | Lair:7   | XOM: cast spell 'Call Canine Familiar'
 27966 | Lair:7   | XOM: polymorph manticore -> glowing shapeshifter
 27976 | Lair:7   | XOM: silly message
 28076 | Lair:7   | XOM: god gift: 37 gold pieces
 28260 | Lair:6   | XOM: confuse monster(s)
 28412 | Lair:5   | XOM: confusion
 28423 | Lair:5   | XOM: polymorph adder -> worker ant
 28426 | Lair:5   | XOM: mild Trmt miscast
 28463 | Lair:5   | Killed runewalsh's ghost
 28595 | Lair:5   | XOM: enchant monster (good)
 29034 | Lair:5   | XOM: scenery: 1 doors close
 29043 | Lair:6   | Noticed Rupert
 29078 | Lair:5   | XOM: confuse monster(s)
 29088 | Lair:5   | XOM: noise
 29095 | Lair:5   | Killed Rupert
 29267 | Lair:6   | XOM: confusion
 29277 | Lair:6   | XOM: mild Conj miscast
 29340 | Lair:6   | XOM: harmless Trmt miscast
 29642 | Lair:6   | Reached skill level 12 in Staves
 29674 | Lair:6   | XOM: summons 2 hostile shadow creatures
 30018 | Lair:6   | XOM: chaos cloud
 30125 | Lair:6   | Found a staircase to the Swamp.
 30308 | Lair:6   | Found a runed door.
 30323 | Lair:6   | XOM: enchant monster (bad)
 30505 | Lair:7   | Reached XP level 14. HP: 108/108 MP: 28/28
 31214 | Lair:7   | XOM: 1-stop teleportation journey
 31276 | Lair:7   | XOM: confuse monster(s)
 31499 | Lair:7   | XOM: noise
 31500 | Lair:7   | XOM: summons friendly ufetubus
 31510 | Lair:7   | XOM: medium Conj miscast
 31511 | Lair:7   | XOM: summons friendly white imp
 31512 | Lair:7   | Reached skill level 10 in Fighting
 31919 | Lair:7   | XOM: confuse monster(s)
 31927 | Lair:7   | Reached skill level 13 in Staves
 32403 | Lair:8   | Entered Level 8 of the Lair of Beasts
 32420 | Lair:8   | XOM: snakes to sticks
 32423 | Lair:8   | XOM: summons friendly crimson imp
 32443 | Lair:8   | XOM: enchant monster (good)
 32749 | Lair:8   | XOM: enchant monster (good)
 32843 | Lair:8   | XOM: summons friendly hellwing
 32857 | Lair:8   | XOM: snakes to sticks
 32865 | Lair:8   | XOM: divine lightning (protected)
 32939 | Lair:8   | XOM: vitrification
 33016 | Lair:8   | XOM: confuse monster(s)
 33020 | Lair:8   | XOM: cast spell 'Discord'
 33045 | Lair:8   | XOM: summons friendly white imp
 33046 | Lair:8   | XOM: summons friendly shadow imp
 33064 | Lair:8   | XOM: swap monsters
 33070 | Lair:8   | XOM: noise
 33072 | Lair:8   | XOM: destruction
 33110 | Lair:8   | XOM: divination: detect items
 33175 | Lair:8   | XOM is BORED!
 33175 | Lair:8   | XOM: summons 3 hostile shadow creatures
 33204 | Lair:8   | XOM: 1-stop teleportation journey
 33364 | Lair:8   | Found a staircase to the Slime Pits.
 33643 | Lair:8   | XOM: summons 10 friendly demons
 33644 | Lair:8   | XOM: confuse monster(s)
 33844 | Lair:8   | Reached XP level 15. HP: 118/118 MP: 29/29
 33874 | Lair:8   | Identified a +2 rod of shadows (11/11) (You found it on level 8 of the Lair of Beasts)
 34043 | Lair:8   | XOM: confusion (+ monsters)
 34054 | Lair:8   | XOM: summons friendly shadow imp
 34058 | Lair:8   | XOM: summons friendly white imp
 34066 | Lair:8   | XOM: cast spell 'Discord'
 34068 | Lair:8   | XOM: potion effect (brilliance)
 34181 | Lair:8   | XOM: harmless Tloc miscast
 34544 | Lair:2   | XOM: harmless Chrm miscast
 34632 | Orc:1    | Entered Level 1 of the Orcish Mines
 34668 | Orc:2    | Noticed Harold
 34671 | Orc:2    | XOM: noise
 34686 | Orc:2    | Killed Harold
 34747 | Orc:1    | Noticed Prince Ribbit
 34750 | Orc:1    | XOM: divination: detect creatures
 34790 | Orc:1    | Found a dark tunnel.
 34810 | Volcano  | Entered a volcano
 34998 | Volcano  | XOM: mild Erth miscast
 35147 | Volcano  | Found a bloodstained altar of Trog.
 35514 | Volcano  | XOM: divination: detect creatures
 35644 | Volcano  | XOM: mild Summ miscast
 35688 | Orc:1    | Found a roughly hewn altar of Beogh.
 35782 | Orc:1    | Killed Prince Ribbit
 36518 | Orc:2    | Reached skill level 10 in Armour
 36574 | Orc:3    | XOM: polymorph orc -> hound
 36749 | Orc:3    | XOM: mild Trmt miscast
 37039 | Orc:3    | XOM: colour smoke trail
 37060 | Orc:4    | Entered Level 4 of the Orcish Mines
 37064 | Orc:4    | XOM: blink monster(s)
 37246 | Orc:4    | XOM: mild Ice miscast
 37512 | Orc:4    | Found a staircase to the Elven Halls.
 37624 | Orc:4    | XOM: confusion (+ monsters)
 37712 | Orc:4    | XOM: mild Summ miscast
 37877 | Orc:4    | XOM: enchant monster (good)
 37891 | Orc:4    | XOM: harmless Fire miscast
 37895 | Orc:4    | XOM: blink monster(s)
 38009 | Orc:4    | XOM: vitrification
 38043 | Orc:4    | XOM: silly message
 38192 | Orc:4    | Found Thriobor's General Store.
 38193 | Orc:4    | Found Thruonah's Jewellery Shop.
 38194 | Orc:4    | Found Jimmadunn's Antique Armour Boutique.
 38194 | Orc:4    | Found Cluatuag's Antique Weapon Boutique.
 38209 | Orc:4    | Bought an uncursed amulet of guardian spirit for 510 gold pieces
 38222 | Orc:4    | Bought an ichor-stained helmet for 218 gold pieces
 38222 | Orc:4    | Bought a distressingly furry scale mail for 207 gold pieces
 38223 | Orc:4    | Identified the +1 helmet of the Wasteland {Slay-3} (You bought it in a shop on level 4 of the Orcish Mines)
 38225 | Orc:4    | Identified the +3 scale mail of Kleptomania {rF+ Str-2 Int-3 Curse} (You bought it in a shop on level 4 of the Orcish Mines)
 38381 | Orc:4    | XOM: mild Necr miscast
 38922 | D:10     | XOM is BORED!
 38922 | D:10     | XOM: noise
 38996 | Snake:1  | Entered Level 1 of the Snake Pit
 38996 | Snake:1  | XOM: silly message
 39120 | Snake:1  | Noticed Josephine
 39414 | Snake:1  | XOM: silly message
 39506 | Snake:1  | XOM: noise
 39523 | Snake:1  | Killed Josephine
 39942 | Snake:1  | XOM: enchant monster (good)
 39986 | Snake:1  | XOM: god gift: 4 javelins of penetration
 40039 | Snake:1  | XOM: noise
 40234 | Snake:1  | XOM: medium Hex miscast
 40392 | Snake:1  | XOM: potion effect (brilliance)
 40509 | Snake:1  | XOM: summons 2 friendly demons
 40615 | Snake:2  | XOM: noise
 40693 | Snake:2  | XOM: divination: detect items
 40748 | Snake:2  | XOM: divination: detect items
 40750 | Snake:2  | XOM: snakes to sticks
 40752 | Snake:2  | XOM: blink monster(s)
 40775 | Snake:2  | XOM: enchant monster (good)
 40795 | Snake:2  | XOM: destruction
 40853 | Snake:1  | XOM: swap monsters
 40906 | Snake:1  | XOM: god gift: battleaxe {god gift}
 41336 | Snake:2  | Noticed Vashnia
 41559 | Snake:2  | XOM: cast spell 'Warp Weapon'
 41617 | Snake:2  | XOM: confuse monster(s)
 41642 | Snake:2  | XOM: god gift: 11 gold pieces
 42126 | Snake:2  | XOM: summons 5 friendly demons
 42134 | Snake:2  | XOM: confuse monster(s)
 42140 | Snake:2  | Reached XP level 16. HP: 114/129 MP: 27/30
 42148 | Snake:2  | XOM: divination: detect creatures
 42262 | Snake:2  | XOM: 7-stop teleportation journey
 42493 | Snake:2  | XOM: silly message
 42550 | Snake:2  | XOM: mild Summ miscast
 42789 | Snake:2  | XOM: confuse monster(s)
 42815 | Snake:2  | Killed Vashnia
 43059 | Snake:2  | XOM: snakes to sticks
 43195 | Snake:3  | XOM: vitrification
 43244 | Snake:3  | XOM: god gift: scroll labeled VIQ BRECODD
 43248 | Snake:3  | Identified a scroll of acquirement
 43350 | Snake:3  | Reached skill level 10 in Dodging
 43579 | Snake:3  | Noticed Kirke
 43598 | Snake:3  | Killed Kirke
 43601 | Snake:3  | XOM: enchant monster (good)
 43617 | Snake:3  | XOM: 1-stop teleportation journey
 44088 | Snake:3  | XOM: 1-stop teleportation journey
 44098 | Snake:3  | XOM: mild Conj miscast
 44178 | Snake:3  | XOM: medium Necr miscast
 44201 | Snake:3  | XOM: summons 3 friendly demons
 44442 | Snake:4  | XOM: noise
 44524 | Snake:4  | XOM: confusion
 44759 | Snake:4  | XOM: medium Trmt miscast
 44870 | Snake:4  | XOM: noise
 45150 | Snake:4  | XOM: silly message
 45153 | Snake:4  | XOM: swap weapons
 45729 | Snake:4  | XOM: 8-stop teleportation journey
 45735 | Snake:4  | XOM: harmless Pois miscast
 45772 | Snake:4  | Noticed Roxanne
 45791 | Snake:4  | Killed Roxanne
 45795 | Snake:4  | Identified Roxanne's Papyrus of Moulding (You took it off Roxanne on level 4 of the Snake Pit)
 45942 | Snake:4  | XOM: harmless Necr miscast
 45960 | Snake:5  | Entered Level 5 of the Snake Pit
 46125 | Snake:5  | XOM: confuse monster(s)
 46537 | Snake:5  | XOM: enchant monster (good)
 46843 | Snake:5  | Reached XP level 17. HP: 135/135 MP: 32/32
 47165 | Snake:5  | XOM: enchant monster (bad)
 47242 | Snake:5  | Noticed Wiglaf
 47280 | Snake:4  | XOM: harmless Conj miscast
 47531 | Snake:5  | Killed Wiglaf
 47551 | Snake:5  | XOM: polymorph manticore -> merfolk
 47705 | Snake:5  | XOM: smoke on damage
 47864 | Snake:5  | XOM: polymorph sea snake -> snapping turtle
 47914 | Snake:5  | XOM: swap monsters
 47923 | Snake:5  | XOM: fog
 47937 | Snake:5  | XOM: 2-stop teleportation journey
 47938 | Snake:5  | XOM: summons friendly white imp
 48203 | Snake:5  | XOM: swap monsters
 48291 | Snake:5  | XOM: 3-stop teleportation journey
 48417 | Snake:5  | XOM: 1-stop teleportation journey
 48492 | Snake:5  | XOM: destruction
 48493 | Snake:5  | XOM: polymorph griffon -> great orb of eyes
 48567 | Snake:5  | XOM: summons 3 hostile shadow creatures
 48658 | Snake:5  | XOM: potion effect (invisibility)
 48930 | Snake:5  | XOM: 3-stop teleportation journey
 49115 | Snake:5  | XOM: silly message
 49212 | Snake:5  | Got a serpentine rune of Zot
 49596 | Orc:4    | XOM: chaos cloud
 49805 | Elf:1    | Entered Level 1 of the Elven Halls
 49825 | Elf:1    | Found a radiant altar of Vehumet.
 49841 | Elf:1    | XOM: enchant monster (good)
 50201 | Elf:1    | XOM: summons 3 friendly demons
 50265 | Elf:1    | XOM: harmless Fire miscast
 50332 | Elf:1    | XOM: divination: detect items
 50485 | Elf:1    | Noticed Nessos
 50498 | Elf:1    | Killed Nessos
 50523 | Elf:1    | XOM: mild Necr miscast
 50696 | Elf:1    | XOM: harmless Divn miscast
 50793 | Elf:1    | XOM: confuse monster(s)
 50801 | Orc:4    | XOM: god gift: 12 gold pieces
 51140 | Elf:1    | Reached skill level 14 in Evocations
 51145 | Elf:1    | XOM: chaos cloud
 51470 | Elf:1    | XOM: chaos upgrade
 51478 | Elf:1    | Paralysed by something for 7 turns
 51833 | Elf:1    | XOM: colour smoke trail
 51870 | Elf:2    | XOM: enchant monster (good)
 51926 | Elf:2    | Reached XP level 18. HP: 139/141 MP: 31/33
 51927 | Elf:2    | XOM: summons friendly white imp
 51946 | Elf:2    | Found a runed gate.
 51946 | Elf:2    | Found a runed gate.
 51947 | Elf:2    | Found a runed gate.
 52003 | Elf:2    | XOM: destruction
 52139 | Elf:2    | XOM: enchant monster (good)
 52245 | Elf:2    | XOM: 3-stop teleportation journey
 52607 | Elf:2    | Found Chasici's Distillery.
 52806 | Elf:2    | XOM: medium Tloc miscast
 53031 | Elf:2    | XOM: divination: detect creatures
 53055 | Elf:2    | XOM: god gift: fluorescent wand {god gift}
 53106 | Elf:2    | XOM: harmless Tloc miscast
 53135 | Elf:2    | Noticed Agnes
 53135 | Elf:2    | XOM: confusion
 53152 | Elf:2    | XOM: mild Conj miscast
 53158 | Elf:2    | HP: 7/141 [Agnes/lajatang of electrocution (11)]
 53158 | Elf:2    | Mangled by Agnes

Inventory:

Hand weapons
 a - a +6 lajatang of speed (weapon)
Missiles
 h - 3 throwing nets (quivered)
Armour
 r - a +2 pair of gloves (worn)
 v - a +5 plate armour of fire resistance (worn)
 C - a +2 pair of boots (worn)
 G - a +2 helmet of intelligence (worn)
 K - a +2 cloak (worn)
Rods
 b - a +2 lightning rod (11/11)
   (You found it on level 4 of the Dungeon)
 D - a +4 rod of shadows (14/14)
   (You found it in a labyrinth)
 E - a +6 rod of ignition (11/11)
   (You found it in a labyrinth)
 F - a +4 lightning rod (9/9)
   (You found it in a labyrinth)
 J - a +2 rod of shadows (11/11)
   (You found it on level 8 of the Lair of Beasts)
Jewellery
 e - an uncursed ring of invisibility
 k - a +5 ring of strength
 m - an amulet of guardian spirit (around neck)
 n - a ring of protection from magic (right hand)
 q - a +6 ring of dexterity (left hand)
 A - an uncursed ring of protection from fire
Magical devices
 p - a wand of hasting (3)
 s - a wand of draining (3)
 t - a wand of paralysis (7)
 u - a wand of cold (11)
 w - a wand of cold (2)
 x - a wand of random effects (27)
 y - a wand of cold (8)
 z - a wand of fire (5)
 B - a wand of cold (10)
 I - a wand of invisibility (5)
 L - a wand of fireball (6)
 N - a wand of paralysis (4)
Scrolls
 c - 3 scrolls of blinking
 d - 2 scrolls of recharging
 f - 4 scrolls of fog
 g - 5 scrolls of teleportation
 i - 2 scrolls of immolation
 j - 11 scrolls of remove curse
 l - 2 scrolls of summoning
 o - 6 scrolls of identify
 H - 2 scrolls of magic mapping
 M - a scroll of fear

Table legend:
 A = Turns spent in this place as a percentage of turns spent in the entire game.
 B = Non-inter-level travel turns spent in this place as a percentage of non-inter-level travel turns spent in the entire game.
 C = Inter-level travel turns spent in this place as a percentage of turns spent in this place.
 D = Turns resting spent in this place as a percentage of non-inter-level travel turns spent in this place.
 E = Turns spent auto-exploring this place as a percentage of non-inter-level travel turns spent in this place.
 F = Non-inter-level travel turns spent in this place divided by the number of levels of this place that you've seen.
                   A       B       C       D       E      F
               +-------+-------+-------+-------+-------+----------------------
         Total | 100.0 | 100.0 |   0.8 |   8.9 |   8.1 | 421.8
       Dungeon |  29.5 |  29.5 |   0.8 |  11.6 |   9.6 | 362.2
          Lair |  25.4 |  25.4 |   1.0 |   7.9 |   6.9 | 428.4
     Snake Pit |  21.6 |  21.6 |   0.8 |   9.9 |   6.6 | 582.2
  Orcish Mines |  10.3 |  10.3 |   1.0 |   4.8 |  11.8 | 346.8
   Elven Halls |   9.3 |   9.4 |   0.3 |   6.0 |   8.9 | 633.5
     Labyrinth |   1.9 |   1.9 |   0.0 |   2.3 |   0.0 | 257.0
       Volcano |   2.0 |   2.0 |   0.0 |   9.0 |   1.5 | 266.0
               +-------+-------+-------+-------+-------+----------------------


   Skills:
 - Level 12.5 Fighting
 - Level 3.8(10.0) Maces & Flails
 - Level 13.8(14.0) Staves
 + Level 11.0 Armour
 + Level 14.3 Dodging
 + Level 14.4 Evocations


You had 17 spell levels left.
You didn't know any spells.

Dungeon Overview and Level Annotations

Branches:
Dungeon (11/15)            Temple (0/1) D:5            Lair (8/8) D:10
  Swamp (0/5) Lair:6        Snake (5/5) Lair:3        Slime (0/6) Lair:8
    Orc (4/4) D:9             Elf (2/3) Orc:4

Altars:
Elyvilon
Nemelex Xobeh
Okawaru
Qazlal
Vehumet
Xom
Yredelemnul
The Shining One
Beogh

Shops:
D:6 *:   Orc:4 [*(=   Elf:2 !

Annotations:
Lair:6 runed door
Elf:2 runed door, Agnes


Innate Abilities, Weirdness & Mutations

You do not eat or drink.
Your flesh is vulnerable to fire.
You are in touch with the powers of death.
You can restore your body by infusing magical energy.
Your flesh is cold resistant.
You are immune to negative energy.
Your system is resistant to poisons.
You are immune to unholy pain and torment.
You can survive without breathing.


Message History

[Y]es or [N]o only, please.
Really attack while wielding your +2 rod of shadows (11/11)? [Y]es or [N]o only, please.
Really attack while wielding your +2 rod of shadows (11/11)?
Agnes hits you with a lajatang of electrocution!
Your hands tingle!
a - a +6 lajatang of speed (weapon)
Agnes hits you with a lajatang of electrocution.
You are electrocuted!
You're too confused!
That item cannot be evoked!
A runed flail comes into view.
Agnes hits you but does no damage. Agnes hits you but does no damage.
Agnes closely misses you. Agnes hits you but does no damage.
You miss Agnes.
Agnes bows.
Agnes barely misses you.
Xom's attention turns to you for a moment.
Smoke pours from your boots!
Agnes hits you with a lajatang of electrocution!!
You are electrocuted!
You hit the flail of crushing.
The flail of crushing is lightly damaged.
You're too confused to move!
Agnes misses you.
The flail of crushing hits you but does no damage.
Agnes hits you with a lajatang of electrocution.
You are electrocuted!
The flail of crushing hits you but does no damage.
Agnes hits you with a lajatang of electrocution!
You completely miss Agnes. The flail of crushing hits you.
You barely miss Agnes.
Agnes hits you with a lajatang of electrocution!
The flail of crushing hits you but does no damage.
Agnes hits you but does no damage.
You are electrocuted!
The flail of crushing hits you but does no damage.
Agnes hits you with a lajatang of electrocution!
You are electrocuted!
You die...
Xom guffaws!

#...........# .##
##.........##
..###...........##
#...#.............#.
##.................... ###
#.........§§§........ ..#
...........§§§§§..... .##
##..........(i§§...... .#
#).........§@§§§......
#####').........§.§........
###'.'#.....................
)(.(.##.....................
###(.'#.....................
#####'.......................
.# #........................
.## ##.......................
..# #.........)..............


You could see Agnes and a flail of crushing.

Table legend:
 A = Kills in this place as a percentage of kills in entire the game.
 B = Kills by you in this place as a percentage of kills by you in the entire game.
 C = Kills by friends in this place as a percentage of kills by friends in the entire game.
 D = Other kills in this place as a percentage of other kills in the entire game.
 E = Experience gained in this place as a percentage of experience gained in the entire game.
 F = Experience gained in this place divided by the number of levels of this place that you have seen.
                   A       B       C       D       E      F
               +-------+-------+-------+-------+-------+----------------------
         Total | 100.0 | 100.0 | 100.0 | 100.0 | 100.0 | 9570.5
       Dungeon |  28.0 |  28.3 |  23.0 |  14.3 |   4.7 | 1320.8
          Lair |  27.2 |  26.7 |  37.7 |  28.6 |  30.4 | 11654.9
     Snake Pit |  19.6 |  18.8 |  34.4 |  28.6 |  40.9 | 25080.2
  Orcish Mines |  15.9 |  16.8 |   0.0 |   0.0 |   7.4 | 5659.2
   Elven Halls |   8.5 |   8.6 |   3.3 |  28.6 |  15.2 | 23294.0
     Labyrinth |   0.1 |   0.1 |   0.0 |   0.0 |   0.4 | 1091.0
       Volcano |   0.7 |   0.6 |   1.6 |   0.0 |   0.9 | 2770.0
               +-------+-------+-------+-------+-------+----------------------

Vanquished Creatures
  Vashnia (Snake:2)
  Rupert (Lair:5)
  Kirke (Snake:3)
  Wiglaf (Snake:5)
  Maud (Lair:3)
  8 greater nagas (Snake:5)
  An orc warlord (Orc:4)
  A stone giant (Orc:4)
  2 deep elf demonologists
  5 dire elephants (Lair:8)
  The ghost of runewalsh the Black Belt, a powerful OpTm of Ashenzari (Lair:5)
  A minotaur (Lab)
  The ghost of Thrillho the Carver, a powerful OpBe of Trog (Lair:5)
  A deep elf death mage (Elf:2)
  Josephine (Snake:1)
  Harold (Orc:2)
  16 naga warriors
  12 anacondas
  Nessos (Elf:1)
  13 naga sharpshooters
  5 hydras
  6 dancing weapons (Elf:2)
  23 death yaks
  6 shock serpents
  5 orc high priests
  21 deep elf knights
  3 salamander mystics (Snake:4)
  A hell knight (Volcano)
  5 sea snakes (Snake:5)
  Erolcha (D:8)
  6 deep elf summoners
  5 naga ritualists
  A lindwurm (Orc:1)
  4 orc knights (Orc:4)
  7 mana vipers
  7 deep elf conjurers
  7 orc sorcerers
  A manticore (Volcano)
  18 naga magi
  13 salamanders
  4 guardian serpents
  18 elephants
  43 black mambas
  A molten gargoyle (Volcano)
  An orange demon (Orc:4)
  A torpor snail (Lair:6)
  6 spiny frogs
  Psyche (D:8)
  A hellwing (Lair:8)
  11 komodo dragons
  5 fire drakes
  2 polar bears (Lair:3)
  A troll (D:10)
  7 deep elf priests
  A queen bee (shapeshifter) (Elf:1)
  A two-headed ogre (shapeshifter) (Elf:1)
  Prince Ribbit (Orc:1)
  2 two-headed ogres (Orc:4)
  A boulder beetle (Lair:5)
  A basilisk (Lair:4)
  11 blink frogs
  A shadow (D:8)
  51 yaks
  A snapping turtle (Snake:5)
  A fire bat (Volcano)
  A fire elemental (Volcano)
  5 orc zombies (Orc:4)
  A black mamba skeleton (Snake:1)
  Eustachio (D:9)
  3 hogs (Snake:3)
  A hungry ghost (D:7)
  10 hippogriffs
  17 deep elf magi
  26 deep elf fighters
  5 wargs
  70 nagas
  11 wolves
  2 small abominations
  6 swamp worms (Lair:6)
  3 hell hounds (Volcano)
  35 orc warriors
  31 water moccasins
  17 porcupines
  3 black bears
  A necrophage (D:8)
  8 ice beasts (Lair:6)
  5 sky beasts
  7 crocodiles
  8 ogres
  A black mamba simulacrum (Snake:1)
  3 centaurs
  14 giant frogs
  Sigmund (D:7)
  A phantom (D:11)
  6 jellies
  3 scorpions
  16 killer bees
  5 wights (D:9)
  A scorpion (shapeshifter) (Elf:1)
  2 goliath beetles (D:7)
  2 quasits
  3 electric eels
  A centaur zombie (D:8)
  7 crimson imps
  A giant frog zombie (D:7)
  2 centaur skeletons
  17 hounds
  2 giant frog skeletons
  Crazy Yiuf (D:7)
  24 orc priests
  A gnoll shaman (D:7)
  A worker ant (shapeshifter) (Lair:4)
  An iron imp (D:6)
  A naga simulacrum (Snake:1)
  15 iguanas
  38 orc wizards
  A killer bee zombie (D:8)
  20 sheep
  10 worker ants
  A hound zombie (D:5)
  A mummy (D:9)
  3 worker ant zombies
  8 gnolls
  41 river rats
  3 shadow imps
  23 adders
  A white imp (Lair:8)
  A giant mite (shapeshifter) (Elf:1)
  A giant mite (D:2)
  2 ufetubi
  3 worms (D:2)
  An adder zombie (D:5)
  An adder skeleton (D:4)
  6 giant geckos
  6 oozes
  139 orcs
  A bat zombie (D:6)
  16 hobgoblins
  4 jackals
  16 kobolds
  11 quokkas
  6 ball pythons
  20 bats
  3 giant cockroaches
  A giant gecko skeleton (D:7)
  4 giant newts
  3 giant spores
  18 goblins
  3 goblin zombies (D:7)
  5 hobgoblin zombies (D:7)
  A jackal skeleton (D:8)
  A jackal zombie (D:5)
  A kobold skeleton (D:7)
  A kobold zombie (D:7)
  2 orc skeletons
  28 rats
  A spectral orc (D:3)
  18 ballistomycetes
  A crawling corpse (Elf:1)
  5 fungi
  8 plants
1286 creatures vanquished.

Vanquished Creatures (collateral kills)
  Roxanne (Snake:4)
  A greater naga (Snake:5)
  An anaconda (Snake:3)
  2 hydras (Lair:8)
  A deep elf high priest (Elf:1)
  2 naga warriors (Snake:5)
  A shock serpent (Snake:5)
  3 death yaks (Lair:7)
  2 sea snakes (Snake:5)
  A salamander mystic (Snake:3)
  A naga ritualist (Snake:5)
  7 elephants
  An oklob plant (Lair:7)
  A salamander (Snake:5)
  A black mamba (Lair:3)
  A guardian serpent (Snake:5)
  3 naga magi
  A rust devil (Elf:1)
  A molten gargoyle (Volcano)
  2 polar bears (Lair:3)
  A basilisk (Lair:3)
  6 yaks
  2 vampire mosquitoes (Snake:5)
  6 nagas
  A water moccasin (Lair:8)
  An orc warrior (D:9)
  2 giant frogs
  A gnoll shaman (D:5)
  An iron imp (Lair:8)
  An iguana (D:8)
  A worker ant (D:4)
  3 adders
  3 gnolls (D:5)
  An orc (Elf:1)
  A hobgoblin (D:9)
65 creatures vanquished.

Vanquished Creatures (others)
  A deep elf high priest (Elf:1)
  A dancing weapon (Snake:5)
  2 centaur warriors
  A death yak (Lair:8)
  A fire crab (Elf:1)
  A hill giant (Lair:7)
  An ugly thing (Lair:8)
  A harpy (shapeshifter) (Snake:1)
  A red wasp (Snake:5)
  2 elephants (Lair:8)
  A yaktaur (Elf:1)
  A freezing wraith (Snake:1)
  2 shadows
  A wyvern (Lair:7)
  A spriggan (shapeshifter) (Snake:5)
  A deep elf mage (Elf:2)
  3 humans (Snake:3)
  A yak (D:9)
  A vampire mosquito (D:9)
  A wolf (Lair:7)
  A mottled dragon (Snake:5)
  An orc warrior (Elf:1)
  2 spiders (D:9)
  A boring beetle (Volcano)
  A boggart (Lair:8)
  A phantom (D:6)
  An ogre (Snake:5)
  A brain worm (Snake:4)
  A naga simulacrum (Snake:1)
  2 killer bees (D:9)
  A salamander simulacrum (Snake:1)
  2 crimson imps
  A hound (D:6)
  2 iron imps
  A worker ant (D:9)
  2 adders
  5 shadow imps
  8 white imps
  3 ufetubi
  2 giant spores (D:9)
  A bush (Lair:7)
  20 fungi
  3 plants (Lair:7)
88 creatures vanquished.

Grand Total: 1439 creatures vanquished

Action                   |  1- 3 |  4- 6 |  7- 9 | 10-12 | 13-15 | 16-18 || total
-------------------------+-------+-------+-------+-------+-------+-------++-------
Melee: Mace              |   141 |    41 |       |       |       |       ||   182
       Flail             |       |    35 |       |       |       |       ||    35
       Quarterstaff      |       |   126 |   229 |   266 |       |       ||   621
       Lajatang          |       |       |       |   134 |  1057 |  1154 ||  2345
       Rod               |       |       |       |     1 |     1 |       ||     2
       Dagger            |       |       |       |       |       |     5 ||     5
 Abil: Evoke Invisibilit |       |       |     3 |     7 |    11 |       ||    21
Evoke: Rod               |       |    18 |    96 |   233 |   245 |   158 ||   750
       Wand              |       |       |       |    14 |    28 |     6 ||    48
  Use: Scroll            |       |     8 |     3 |    16 |    20 |     8 ||    55
 Stab: Paralysed         |     5 |       |     3 |       |       |       ||     8
       Invisible         |       |       |     8 |    13 |    31 |     1 ||    53
       Confused          |       |       |       |     1 |     4 |     9 ||    14
       Distracted        |       |       |       |     1 |     2 |       ||     3
       Petrified         |       |       |       |       |       |     1 ||     1

Vault maps used:
D:1:      minmay_arrival_split_and_join
D:2:      lemuel_upstairs_altar, nicolae_overflow_crystal_walls, first_bread
D:3:      yredelemnul_forgotten_temple_becter, minmay_statues_item
D:4:      minmay_misc_feat_iff
D:5:      minmay_temple_entry_overgrown
D:6:      kennysheep_little_box, kennysheep_mini, serial_shops,
          nicolae_shop_statue_plus, shop
D:7:      kennysheep_mini_moat, nicolae_tso_besieged_by_evil,
          uniq_crazy_yiuf_cottage, uniq_sigmund
D:8:      uniq_erolcha, uniq_psyche
D:9:      okawaru_metal_pillars_3, david_orc_2, uniq_eustachio
D:10:     grunt_lair_entry_elf_guard_hut
D:11:     serial_shops, shop
Lair:1:   beast_lair_carwin_large_1
Lair:2:   lab_entry_generic, beast_lair_carwin_2
Lair:3:   beast_lair_carwin_large_2, minmay_snake_entry_six_corridors,
          minivault_27, serial_bayou_lake_a, uniq_maud
Lair:4:   serial_bayou_shore_a, grunt_megastairs_4
Lair:6:   nicolae_swamp_entry_splash_gauntlet, portal_ice_cave_entry_ice_beasts,
          pf_torpor_hydra, uniq_rupert
Lair:7:   minmay_lair_drake_nest
Lair:8:   due_jungle_book, nicolae_slime_entry_slimehenge, minivault_23
Snake:1:  uniq_josephine
Snake:2:  nicolae_snake_single_loop, uniq_vashnia
Snake:3:  special_room, spider_trap, grunt_ministairs_4, uniq_kirke
Snake:4:  serial_bayou_shore_b, uniq_roxanne
Snake:5:  grunt_snake_rune_pools, uniq_wiglaf
Orc:1:    basic_altar, nicolae_volcano_entry_vermiform, uniq_prince_ribbit1
Orc:2:    nicolae_orc_tapped_out, uniq_harold
Orc:3:    nicolae_orc_pool_cavern
Orc:4:    st_orc_congregation, minmay_orc_keep
Elf:1:    eino_elf_arrival_altar, orc_legates, uniq_nessos
Elf:2:    serial_shops, shop, basic_stair_grate_trap, uniq_agnes
Lab:      labyrinth_hidden_loot
Volcano:  volcano_lake
